 Dungeon Crawl Stone Soup version 0.27-a0-1081-ge8a0a9c698 (webtiles) character file.

Game seed: 8225083882973993562

88 harryhousin the Skirmisher (level 4, -3/41 HPs)
             Began as a Gnoll Wanderer on Apr 25, 2021.
             Slain by Sigmund
             ... wielding a +0 scythe
              (9 damage)
             ... on level 2 of the Dungeon.
             The game lasted 00:11:23 (2571 turns).

harryhousin the Skirmisher (Gnoll Wanderer)         Turns: 2571, Time: 00:11:24

Health: -3/41      AC:  3    Str: 10    XL:     4   Next: 54%
Magic:  5/5        EV: 11    Int: 14    God:
Gold:   49         SH:  0    Dex: 11    Spells: 4/5 levels left

rFire    . . .     SeeInvis .   f - +1 mace (drain)
rCold    . . .     Faith    .   (no shield)
rNeg     . . .     Spirit   .   d - +0 robe
rPois    .         Reflect  .   (no helmet)
rElec    .         Harm     .   c - +0 cloak
rCorr    .         Rampage  .   (no gloves)
Will     .....                  (no boots)
Stlth    ++........             (no amulet)
HPRegen  0.13/turn              (no ring)
MPRegen  0.09/turn              (no ring)

@: no status effects
A: fangs 1, strong nose, distributed training
a: no special abilities


You were on level 2 of the Dungeon.
You visited 1 branch of the dungeon, and saw 2 of its levels.

You collected 101 gold pieces.
You spent 52 gold pieces at shops.

Inventory:

Hand Weapons
 a - a +0 spear
 e - a +0 dagger
 f - a +1 mace of draining (weapon)
Armour
 c - a +0 cloak (worn)
 d - a +0 robe (worn)
Scrolls
 g - 2 scrolls of teleportation {unknown}
 k - a scroll of fear {unknown}
Potions
 h - 2 potions of curing {unknown}
 i - a potion of might
 j - a potion of flight {unknown}
Miscellaneous
 b - a condenser vane


   Skills:
 + Level 6.6 Fighting
 + Level 1.2 Short Blades
 + Level 1.2 Long Blades
 + Level 1.2 Axes
 + Level 1.2 Maces & Flails
 + Level 1.2 Polearms
 + Level 1.2 Staves
 + Level 1.2 Slings
 + Level 1.2 Bows
 + Level 1.2 Crossbows
 + Level 2.8 Throwing
 + Level 1.2 Armour
 + Level 1.2 Dodging
 + Level 4.3 Stealth
 + Level 1.2 Shields
 + Level 1.2 Unarmed Combat
 + Level 1.2 Spellcasting
 + Level 1.0 Conjurations
 + Level 1.0 Hexes
 + Level 1.0 Summonings
 + Level 1.0 Necromancy
 + Level 1.0 Translocations
 + Level 1.0 Transmutations
 + Level 1.0 Fire Magic
 + Level 5.5 Ice Magic
 + Level 1.0 Air Magic
 + Level 1.0 Earth Magic
 + Level 1.0 Poison Magic
 + Level 1.3 Invocations
 + Level 2.8 Evocations


You had 4 spell levels left.
You knew the following spells:

 Your Spells              Type           Power      Damage    Failure   Level
a - Freeze                Ice            64%        1d8       2%          1

Your spell library contained the following spells:

 Spells                   Type           Power      Damage    Failure   Level
 Ozocubu's Armour         Ice            16%        N/A       9%          3


Dungeon Overview and Level Annotations

Branches:
Dungeon (2/15)

Altars:

Shops:
D:2 !:

Annotations:
D:2 Sigmund


Innate Abilities, Weirdness & Mutations

You have very sharp teeth.
Your uncanny sense of smell can sniff out nearby items.
Your experience applies equally to all skills.


Message History

Your Summonings skill increases to level 1!
Your Necromancy skill increases to level 1!
Your Translocations skill increases to level 1!
Your Transmutations skill increases to level 1!
Your Fire Magic skill increases to level 1!
Your Air Magic skill increases to level 1!
Your Earth Magic skill increases to level 1!
Your Poison Magic skill increases to level 1!
g - 2 scrolls labelled GAKURUMAJI (gained 1)
You now have 49 gold pieces (gained 25).
Sigmund the Dreaded comes into view.
He is wielding a +0 scythe, wearing a +2 robe of willpower and carrying a wand of flame (18).
A goblin comes into view. It is wielding a +0 club.
Sigmund shouts!
You hear a shout!
Sigmund casts a spell at you.
You are confused.
Sigmund zaps a wand.
The puff of flame hits you.
Sigmund hits you from afar with a +0 scythe!
Sigmund barely misses you.
You're too confused to cast spells.
You bump into the rock wall.
Sigmund gestures at himself while chanting.
Sigmund flickers and vanishes!
Deactivating autopickup; reactivate with Ctrl-A.
You're too confused to cast spells.
Unknown command.
Unknown command.
You're too confused to cast spells.
Unknown command.
You bump into the rock wall.
You feel less confused. Something hits you!
You sock something! Something hits you.
You closely miss something.
You hear a zap.
A puff of flame appears from out of thin air!
The puff of flame misses you.
You barely miss something. Something hits you!
* * * LOW HITPOINT WARNING * * *
Something hits you!
You die...

#.# #.......#..#
##''####..# #.#
#.........##≈≈≈..≈ #..#
#.# #..........#≈≈≈g.≈
#..# #.#
#..........#≈≈.... ##.#
#.####.##'#####.'....#
#.......#.# #.'...#..
#.........# #.#≈≈....
#.#############.#≈≈≈..≈
#........#...@{.# ≈≈..≈
#........#......####''#
#........#............#
#........#..........###
#.########..........#
#.# #..........# .
##'##### #..........#
#......#
#..........##########
#......#
#...............(....


There were no monsters in sight!

Vanquished Creatures
  4 adders (D:2)
  A dart slug (D:2)
  2 ball pythons
  6 endoplasms
  5 goblins (D:1)
  8 hobgoblins
  4 jackals (D:2)
  2 kobolds
  A quokka (D:1)
  6 bats
  5 frilled lizards (D:1)
  3 rats (D:1)
47 creatures vanquished.

Notes
Turn   | Place    | Note
-------+----------+-------------------------------------------
     0 | D:1      | harryhousin the Gnoll Wanderer began the quest for the Orb.
     0 | D:1      | harryhousin set off with the following items: a +0 spear, a
                  | condenser vane, a +0 robe, a +0 dagger; and the following
                  | spell memorised: Freeze; and the following spells available
                  | to memorise: Ozocubu's Armour
     0 | D:1      | Reached XP level 1. HP: 23/23 MP: 1/1
   486 | D:1      | Reached XP level 2. HP: 29/29 MP: 0/2
  1135 | D:1      | Reached XP level 3. HP: 35/35 MP: 0/3
  1988 | D:2      | Reached skill level 1 in Invocations
  2034 | D:2      | Found a faded altar of an unknown god.
  2056 | D:2      | Reached skill level 1 in Short Blades
  2056 | D:2      | Reached skill level 1 in Long Blades
  2056 | D:2      | Reached skill level 1 in Axes
  2056 | D:2      | Reached skill level 1 in Maces & Flails
  2056 | D:2      | Reached skill level 1 in Polearms
  2056 | D:2      | Reached skill level 1 in Staves
  2056 | D:2      | Reached skill level 1 in Slings
  2056 | D:2      | Reached skill level 1 in Bows
  2056 | D:2      | Reached skill level 1 in Crossbows
  2056 | D:2      | Reached skill level 1 in Armour
  2056 | D:2      | Reached skill level 1 in Dodging
  2056 | D:2      | Reached skill level 1 in Shields
  2056 | D:2      | Reached skill level 1 in Unarmed Combat
  2056 | D:2      | Reached skill level 1 in Spellcasting
  2056 | D:2      | Reached XP level 4. HP: 35/41 MP: 5/5
  2217 | D:2      | Found Wiboloef's Distillery.
  2224 | D:2      | Bought a potion of might for 52 gold pieces
  2381 | D:2      | Found Begu's Book Emporium.
  2552 | D:2      | Reached skill level 1 in Conjurations
  2552 | D:2      | Reached skill level 1 in Hexes
  2552 | D:2      | Reached skill level 1 in Summonings
  2552 | D:2      | Reached skill level 1 in Necromancy
  2552 | D:2      | Reached skill level 1 in Translocations
  2552 | D:2      | Reached skill level 1 in Transmutations
  2552 | D:2      | Reached skill level 1 in Fire Magic
  2552 | D:2      | Reached skill level 1 in Air Magic
  2552 | D:2      | Reached skill level 1 in Earth Magic
  2552 | D:2      | Reached skill level 1 in Poison Magic
  2556 | D:2      | Noticed Sigmund
  2571 | D:2      | Slain by Sigmund

Illustrated notes

Levels and vault maps discovered:
D:1:      lightli_arrival_noodles, layout_loops_corners,
          minmay_misc_feat_four_crosses, minmay_pentomino_t2
D:2:      layout_basic, serial_shops, nicolae_shop_statue_plus,
          nicolae_shop_behind_doors, ebering_ecumenical_altar_rust,
          chequers_serial_rivers_room_b, kennysheep_generic_room_4, uniq_robin,
          uniq_sigmund

Skill      XL: |  1  2  3  4 |
---------------+-------------+-----
Invocations    | 1 |  1.3
Short Blades   | 1 |  1.2
Long Blades    | 1 |  1.2
Axes           | 1 |  1.2
Maces & Flails | 1 |  1.2
Polearms       | 1 |  1.2
Staves         | 1 |  1.2
Slings         | 1 |  1.2
Bows           | 1 |  1.2
Crossbows      | 1 |  1.2
Armour         | 1 |  1.2
Dodging        | 1 |  1.2
Shields        | 1 |  1.2
Unarmed Combat | 1 |  1.2
Spellcasting   | 1 |  1.2
Conjurations   | 1 |  1.0
Hexes          | 1 |  1.0
Summonings     | 1 |  1.0
Necromancy     | 1 |  1.0
Translocations | 1 |  1.0
Transmutations | 1 |  1.0
Fire Magic     | 1 |  1.0
Air Magic      | 1 |  1.0
Earth Magic    | 1 |  1.0
Poison Magic   | 1 |  1.0
Fighting       | |  6.6
Throwing       | |  2.8
Stealth        | |  4.3
Ice Magic      | |  5.5
Evocations     | |  2.8

Action                   |  1- 3 |  4- 6 || total
-------------------------+-------+-------++-------
Melee: Spear             |    20 |       ||    20
       Bite              |     1 |     1 ||     2
       Mace              |    45 |    14 ||    59
 Cast: Freeze            |    22 |     9 ||    31
 Stab: Sleeping          |     4 |     1 ||     5
Armor: Robe              |    28 |     5 ||    33
Dodge: Dodged            |    43 |    13 ||    56

Table legend: (Time is in decaauts)
 A = Elapsed time spent in this place.
 B = Non-inter-level travel time spent in this place.
 C = Inter-level travel time spent in this place.
 D = Time resting spent in this place.
 E = Time spent auto-exploring this place.
 F = Levels seen in this place.
 G = Mean time per level.
                   A        B        C        D        E       F      G
               +--------+--------+--------+--------+--------+-----+--------+
         Total |   2597 |   2478 |    119 |    973 |    578 |   2 | 1298.5 |
       Dungeon |   2597 |   2478 |    119 |    973 |    578 |   2 | 1298.5 |
               +--------+--------+--------+--------+--------+-----+--------+

Top non-repeatable levels by time:
     D:1: 2029 daAuts
     D:2: 567 daAuts
